 Dungeon Crawl Stone Soup version 0.30-a0-1016-gfb0d676c02 (webtiles) character file.

Game seed: 6101085101414693520

246 gelatine the Shooter (level 5, -3/45 HPs)
             Began as a Minotaur Hunter on Apr 6, 2023.
             Slain by an ice beast (12 damage)
             ... on level 5 of the Dungeon.
             The game lasted 00:03:34 (1490 turns).

gelatine the Shooter (Minotaur Hunter)              Turns: 1490, Time: 00:03:35

Health: -3/45      AC:  3    Str: 16    XL:     5   Next: 84%
Magic:  4/4        EV: 12    Int:  6    God:
Gold:   72         SH:  0    Dex: 15    Spells: 4/4 levels left

rFire   . . .      SeeInvis .    a - +0 shortbow
rCold   . . .      Faith    .    (shield currently unavailable)
rNeg    . . .      Spirit   .    c - +0 leather armour
rPois   .          Reflect  .    (helmet restricted)
rElec   .          Rampage  .    (no cloak)
rCorr   .                        (no gloves)
Will    .....                    (no boots)
Stlth   ++                       (no amulet)
HPRegen 0.27/turn                (no ring)
MPRegen 0.09/turn                (no ring)

@: no status effects
A: horns 2, retaliatory headbutt
a: no special abilities


You were on level 5 of the Dungeon.
You visited 1 branch of the dungeon, and saw 4 of its levels.

You collected 72 gold pieces.

Inventory:

Hand Weapons
 a - a +0 shortbow (weapon)
Armour
 c - a +0 leather armour (worn)
 k - a +0 buckler
Wands
 l - a wand of iceblast (10)
Scrolls
 b - a scroll of immolation
 f - 2 scrolls of enchant weapon {unknown}
 h - 3 scrolls of teleportation {unknown}
 i - a scroll of identify {unknown}
 m - a scroll of vulnerability {unknown}
Potions
 d - 2 potions of curing {unknown}
 e - 2 potions of heal wounds {unknown}
 g - a potion of lignification {unknown}
 j - a potion of brilliance {unknown}


   Skills:
 * Level 3.1 Fighting
 * Level 6.7 Ranged Weapons
 * Level 1.7 Armour
 * Level 3.0 Dodging
 * Level 1.6 Stealth


You had 4 spell levels left.
You didn't know any spells.
Your spell library was empty.

Dungeon Overview and Level Annotations

Branches:
Dungeon (5/15)
 Temple: D:4-7

Altars:
Ashenzari

Shops:
D:4 :


Innate Abilities, Weirdness & Mutations

You have a pair of horns on your head.
You reflexively headbutt those who attack you in melee.


Message History

Your line of fire to the orc is blocked by a gravestone.
Your line of fire to the orc is blocked by a gravestone.
Found a pair of gloves.
An orc and an ice beast come into view.
Found 12 gold pieces.
An orc priest comes into view. It is wielding a +0 mace.
The ice beast hits you. The ice beast freezes you.
You shoot an arrow. The arrow closely misses the ice beast.
You hear a shout!
The ice beast barely misses you. You furiously retaliate!
You headbutt the ice beast!
You hear a shout!
You shoot an arrow. The arrow hits the ice beast!
The ice beast is severely wounded.
The ice beast hits you. The ice beast freezes you!
You are too injured to fight recklessly!
You are too injured to fight recklessly!
You are too injured to fight recklessly!
You are too injured to fight recklessly!
You are too injured to fight recklessly!
You are too injured to fight recklessly!
Fire: a) +0 shortbow
Press: ? - help, Q - select action, (/) - cycle Shift-Dir - straight line, f/p - ice beast
Aim: an ice beast (severely wounded, 63% to hit)
You shoot an arrow.
The arrow hits the ice beast but does no damage.
The ice beast is severely wounded.
The ice beast hits you. The ice beast freezes you!
* * * LOW HITPOINT WARNING * * *
Fire: a) +0 shortbow
Press: ? - help, Q - select action, (/) - cycle Shift-Dir - straight line, f/p - ice beast
Aim: an ice beast (severely wounded, 63% to hit)
You shoot an arrow. The orc shouts!
The arrow hits the ice beast.
The ice beast is almost dead.
The ice beast hits you.
* * * LOW HITPOINT WARNING * * *
The ice beast freezes you!
You die...

...# .# ## #..# .#
..# #..# .# #.# #..#
.# #.# #..# .# #.#
#..# .#
#.#####..######.#
#.#........@Yo..#
#...##.....###.[#
#..###8..8.# #..#
######.## #.8.8<#
o..# .......#
#.#.#o..#o## .......#
#...#.###.#
.....#.######.#.. ..$
................o.#.#
......###.....#


You could see an ice beast and 2 orcs.

Vanquished Creatures
  A scorpion (D:4)
  A hound (D:4)
  A centaur skeleton (D:5)
  An iguana (D:4)
  A hound skeleton (D:5)
  A howler monkey skeleton (D:5)
  An adder (D:4)
  A shadow imp (D:5)
  2 dart slugs
  2 orcs (D:4)
  4 endoplasms
  10 goblins
  4 hobgoblins
  4 jackals
  5 kobolds
  A quokka (D:1)
  4 ball pythons
  3 bats (D:1)
  A frilled lizard (D:1)
  2 rats (D:1)
50 creatures vanquished.

Notes
Turn   | Place    | Note
-------+----------+-------------------------------------------
     0 | D:1      | gelatine the Minotaur Hunter began the quest for the Orb.
     0 | D:1      | Reached XP level 1. HP: 18/18 MP: 0/0
   152 | D:1      | Reached XP level 2. HP: 25/25 MP: 1/1
   195 | D:1      | Reached skill level 5 in Ranged Weapons
   598 | D:2      | Reached XP level 3. HP: 30/30 MP: 2/2
   608 | D:2      | You fall into a shaft and drop 2 floors!
   619 | D:4      | Reached skill level 1 in Stealth
   691 | D:4      | Found Ymuffuw's Vocational Training.
   753 | D:4      | Reached skill level 1 in Armour
   753 | D:4      | Reached XP level 4. HP: 16/37 MP: 3/3
  1033 | D:4      | Reached skill level 6 in Ranged Weapons
  1250 | D:4      | Noticed a scorpion
  1262 | D:4      | Killed a scorpion
  1263 | D:4      | Reached XP level 5. HP: 28/45 MP: 4/4
  1401 | D:5      | Entered Level 5 of the Dungeon
  1448 | D:5      | Found a broken altar of Ashenzari.
  1482 | D:5      | Noticed an ice beast
  1490 | D:5      | Slain by an ice beast

Illustrated notes

Levels and vault maps discovered:
D:1:      dpeg_arrival_tiny_j, layout_rooms
D:2:      layout_basic, bh_walls_and_bars, uniq_natasha, uniq_crazy_yiuf_cottage
D:4:      corexii_shack_village, layout_rooms, chequers_jeans,
          ebering_dispersal_statue_hall, nicolae_shop_vocational
D:5:      layout_basic, cheibrodos_ashenzari_chains, serial_undead,
          serial_undead_d, serial_undead_f, serial_undead_e, serial_undead_b,
          serial_undead_c, serial_undead_d, serial_undead_c, serial_undead_c,
          serial_undead_a, serial_undead_d

Skill      XL: |  1  2  3  4  5 |
---------------+----------------+-----
Ranged Weapons | 5 6 |  6.7
Stealth        | 1 |  1.6
Armour         | 1 |  1.7
Fighting       | 3 |  3.1
Dodging        | 3 |  3.0

Action                     |  1- 3 |  4- 6 || total
---------------------------+-------+-------++-------
   Fire: Shortbow          |    80 |    72 ||   152
 Armour: Leather armour    |     6 |     6 ||    12
  Dodge: Dodged            |    21 |    25 ||    46

Table legend: (Time is in decaauts)
 A = Elapsed time spent in this place.
 B = Non-inter-level travel time spent in this place.
 C = Inter-level travel time spent in this place.
 D = Time resting spent in this place.
 E = Time spent auto-exploring this place.
 F = Levels seen in this place.
 G = Mean time per level.
                   A        B        C        D        E       F      G
               +--------+--------+--------+--------+--------+-----+--------+
         Total |   1528 |   1508 |     20 |      0 |   1175 |   4 |  382.0 |
       Dungeon |   1528 |   1508 |     20 |      0 |   1175 |   4 |  382.0 |
               +--------+--------+--------+--------+--------+-----+--------+

Top non-repeatable levels by time:
     D:4: 812 daAuts
     D:1: 424 daAuts
     D:2: 199 daAuts
     D:5: 92 daAuts
